 Dungeon Crawl Stone Soup version 0.27-a0-686-gaed091b46b (webtiles) character file.

Game seed: 2966067581387426112

11 sahdkjhfkaj the Insei (level 2, 20/22 HPs)
             Began as a Merfolk Transmuter on Mar 20, 2021.
             Quit the game on level 1 of the Dungeon.
             The game lasted 00:01:08 (581 turns).

sahdkjhfkaj the Insei (Merfolk Transmuter)           Turns: 581, Time: 00:01:10

Health: 20/22      AC:  2    Str: 10    XL:     2   Next: 25%
Magic:  4/5        EV: 12    Int: 12    God:
Gold:   28         SH:  0    Dex: 14    Spells: 4/5 levels left

rFire    . . .     SeeInvis .     - Unarmed
rCold    . . .     Faith    .   (no shield)
rNeg     . . .     Spirit   .   a - +0 robe
rPois    .         Reflect  .   (helmet currently unavailable)
rElec    .         Harm     .   (no cloak)
rCorr    .         Rampage  .   (no gloves)
Will     .....                  (boots currently unavailable)
Stlth    +.........             (no amulet)
HPRegen  0.07/turn              (no ring)
MPRegen  0.09/turn              (no ring)

@: appendages (expiring)
A: horns 2, (nimble swimmer 2), mertail
a: End Transformation


You were on level 1 of the Dungeon.
You had temporarily grown beastly horns.
You visited 1 branch of the dungeon, and saw 1 of its levels.

You collected 28 gold pieces.

Inventory:

Armour
 a - a +0 robe (worn)
Jewellery
 b - an amulet of magic regeneration


   Skills:
 + Level 1.9 Fighting
 - Level 2.6 Dodging
 + Level 3.7 Unarmed Combat
 - Level 2.0 Spellcasting
 - Level 2.6 Transmutations


You had 4 spell levels left.
You knew the following spells:

 Your Spells              Type           Power      Damage    Failure   Level
a - Beastly Appendage     Tmut           14%        N/A       9%          1

Your spell library contained the following spells:

 Spells                   Type           Power      Damage    Failure   Level
 Wereblood                Tmut           7%         N/A       14%         2
 Magic Dart               Conj           4%         1d3       26%         1
 Blink                    Tloc           N/A        N/A       38%         2
 Call Imp                 Summ           1%         N/A       38%         2
 Slow                     Hex            1%         N/A       38%         2
 Spider Form              Tmut/Pois      2%         N/A       43%         3
 Conjure Flame            Conj/Fire      1%         6-21      63%         3
 Mephitic Cloud           Conj/Pois/Air  1%         N/A       63%         3
 Ice Form                 Ice/Tmut       4%         N/A       83%         4
 Blade Hands              Tmut           3%         N/A       94%         5


Dungeon Overview and Level Annotations

Branches:
Dungeon (1/15)

Altars:

Shops:
D:1 (*(


Innate Abilities, Weirdness & Mutations

You have temporarily grown beastly horns.
((You are quick and stealthy while swimming. (Stealth+, EV+, Speed+++)))
Your lower body shifts to a powerful aquatic tail in water.


Message History

You pick up a book of Minor Magic and begin reading...
You add the spells Magic Dart, Blink, Call Imp, Slow, Conjure Flame and Mephitic Cloud to your library.
There is a stone staircase leading down here.
Found Gejonku's Antique Weapon Boutique.
Found an escape hatch in the floor.
A giant cockroach comes into view.
A giant cockroach is nearby!
A quokka comes into view.
You grow a pair of large bovine horns.
You hit the giant cockroach.
The giant cockroach is heavily wounded.
The giant cockroach barely misses you.
You hit the giant cockroach but do no damage.
The giant cockroach is heavily wounded.
The giant cockroach closely misses you.
You hit the giant cockroach. You headbutt the giant cockroach.
You kill the giant cockroach!
Your transformation is almost over.
You see here a giant cockroach corpse.
The quokka bites you but does no damage.
The quokka bites you.
You hit the quokka.
The quokka is severely wounded.
The quokka misses you.
You extend your transformation's duration.
The quokka closely misses you.
You closely miss the quokka.
The quokka is severely wounded.
The quokka barely misses you.
You hit the quokka but do no damage.
The quokka is severely wounded.
The quokka bites you.
You hit the quokka.
You kill the quokka!
Your transformation is almost over.
You see here a giant cockroach corpse.
There is an escape hatch in the floor here.
There is an entrance to Gejonku's Antique Weapon Boutique here.
Unknown command.
Are you sure you want to abandon this character and quit the game? (Confirm with "yes".)

#......>................
###.###.........).......
#.#.#.###.#.########..
#.#.#.# #.#.#########.
#.#.#.# #.#........†..
#.#.#.# #.##########.#
#.#.#8# #.# #.#
#...#.##..# #.#
#..8>@.8..# #.#
#.#.#.###.# #.#
#..†#8##### #.#
###........ #.#
#........ # #........
#........ #........
#........


There were no monsters in sight!

Vanquished Creatures
  A leopard gecko (D:1)
  A giant cockroach (D:1)
  3 kobolds (D:1)
  A quokka (D:1)
  A frilled lizard (D:1)
  3 rats (D:1)
10 creatures vanquished.

Notes
Turn   | Place    | Note
-------+----------+-------------------------------------------
     0 | D:1      | sahdkjhfkaj the Merfolk Transmuter began the quest for the
                  | Orb.
     0 | D:1      | Reached XP level 1. HP: 15/15 MP: 3/3
   213 | D:1      | Found Qedotuk's Antique Weapon Shoppe.
   273 | D:1      | Found Amob's General Store.
   410 | D:1      | Reached XP level 2. HP: 15/22 MP: 3/5
   560 | D:1      | Found Gejonku's Antique Weapon Boutique.
   581 | D:1      | Quit the game

Illustrated notes

Levels and vault maps discovered:
D:1:      noname_arrival_rooms_in_the_neighbourhood, layout_basic, serial_shops,
          nicolae_shop_statue_plus, shop, shop_fountains, shop

Action                   || total
-------------------------++-------
Melee: Unarmed           ||    25
       Headbutt          ||     4
 Cast: Beastly Appendage ||     9
Armor: Robe              ||     4
Dodge: Dodged            ||    12

Table legend: (Time is in decaauts)
 A = Elapsed time spent in this place.
 B = Non-inter-level travel time spent in this place.
 C = Inter-level travel time spent in this place.
 D = Time resting spent in this place.
 E = Time spent auto-exploring this place.
 F = Levels seen in this place.
 G = Mean time per level.
                   A        B        C        D        E       F      G
               +--------+--------+--------+--------+--------+-----+--------+
         Total |    579 |    579 |      0 |      0 |    498 |   1 |  579.0 |
       Dungeon |    579 |    579 |      0 |      0 |    498 |   1 |  579.0 |
               +--------+--------+--------+--------+--------+-----+--------+

Top non-repeatable levels by time:
     D:1: 579 daAuts
